 Dungeon Crawl Stone Soup version 0.21.0-24-g2553a33 (webtiles) character file.

425 Kurtz the Poker (level 6, -7/42 HPs)
             Began as an Octopode Abyssal Knight on Jan 21, 2018.
             Was a Believer of Lugonu.
             Mangled by an ogre
             ... wielding a +0 giant spiked club
              (32 damage)
             ... on level 5 of the Dungeon.
             The game lasted 00:06:23 (4427 turns).

Kurtz the Poker (Octopode Abyssal Knight)           Turns: 4427, Time: 00:06:23

Health: -7/42      AC:  1    Str: 11    XL:     6   Next: 96%
Magic:  8/8        EV: 15    Int: 15    God:    Lugonu [**....]
Gold:   286        SH:  0    Dex: 13    Spells: 5/5 levels left

rFire    . . .     SeeInvis .   a - +1 spear
rCold    . . .     Gourm    .   (no shield)
rNeg     + . .     Faith    +   (helmet restricted)
rPois    .         Spirit   .   n - amulet of faith
rElec    .         Reflect  .   h - ring of positive energy
rCorr    .         Harm     .   (no ring)
MR       .....                  (no ring)
Stlth    +++.......             (no ring)
HPRegen  0.14/turn              (no ring)
MPRegen  0.11/turn              (no ring)
                                (no ring)
                                (no ring)

@: no status effects
A: almost no armour, stealthy swim, amphibious, 8 rings, constrict 8, camouflage
1, gelatinous body 1
a: Depart the Abyss, Bend Space, Renounce Religion


You were on level 5 of the Dungeon.
You worshipped Lugonu.
Lugonu was pleased with you.
You were not hungry.

You visited 1 branch of the dungeon, and saw 5 of its levels.
You visited the Abyss 1 time.

You collected 286 gold pieces.

Inventory:

Hand Weapons
 a - a +1 spear (weapon)
Missiles
 s - 7 tomahawks (quivered)
Jewellery
 h - a ring of positive energy (left tentacle)
 n - an amulet of faith (around mantle)
Wands
 q - a wand of digging (10)
Scrolls
 e - 5 scrolls of identify {unknown}
 f - 4 scrolls of teleportation {unknown}
 i - 2 scrolls of enchant armour {unknown}
 l - a scroll of fear {unknown}
 o - a scroll of blinking {unknown}
 p - 4 scrolls of remove curse {unknown}
 t - a scroll of magic mapping {unknown}
 v - a scroll of noise {unknown}
 w - a scroll of brand weapon {unknown}
 x - a scroll of random uselessness {unknown}
Potions
 d - 3 potions of heal wounds {unknown}
 g - a potion of lignification {unknown}
 j - a potion of curing {unknown}
 k - 2 potions of haste {unknown}
 m - a potion of flight {unknown}
 r - 2 potions of magic {unknown}
Miscellaneous
 c - a phial of floods (inert)
Comestibles
 b - 6 rations
 u - 6 chunks of flesh


   Skills:
 - Level 3.0 Fighting
 * Level 5.1 Polearms
 * Level 4.0 Dodging
 + Level 2.9 Stealth
 * Level 2.8 Invocations
 * Level 2.1 Evocations


You had 5 spell levels left.
You didn't know any spells.

Dungeon Overview and Level Annotations

Branches:
Dungeon (5/15)
 Temple: D:4-7

Altars:
Cheibriados
Elyvilon
Gozag
Ru
Zin

Annotations:
D:3 Nicocat's ghost, amateur MiFi
D:4 1 runed door


Innate Abilities, Weirdness & Mutations

You cannot wear most types of armour.
You are very stealthy in the water. (Stealth+)
You are amphibious.
You can wear up to eight rings at the same time.
You can use your tentacles to constrict eight enemies at once.
Your skin changes colour to match your surroundings (Stealth+).
Your rubbery body absorbs attacks. (AC +1, EV +1)


Message History

Your Dodging skill increases to level 4!
You swap places.
You now have 286 gold pieces (gained 9).
You see here a giant club.
There isn't anything to butcher here.
You swap places.
HP restored.
x - a scroll labeled NIURIVENASS You swap places.
An ogre comes into view. It is wielding a giant spiked club.
You see here a giant club.
An ogre is nearby!
You barely miss the ogre.
The ogre hits you with a giant spiked club!
You hit the ogre but do no damage.
Your water elemental barely misses the ogre.
You hit the ogre.
The ogre is lightly wounded.
The ogre hits you with a giant spiked club!!
Ouch! That really hurt!
You die...

############
.......E...#####
......O@)......#
..###.####.###.# #
#.###.# ##.####.....#
............#########
#..#####............[
####....#########
.##.......).....# #
........#..#####.# #


You could see an ogre and a friendly water elemental.

Vanquished Creatures
  An ogre (D:5)
  A scorpion (D:4)
  A crimson imp (D:5)
  A hound (D:4)
  2 orc wizards (D:5)
  7 adders
  A shadow imp (D:4)
  3 oozes (D:1)
  2 worms
  2 leopard geckos
  8 orcs
  4 giant cockroaches
  6 hobgoblins
  10 jackals
  8 kobolds
  A quokka (D:2)
  7 bats
  8 frilled lizards
  6 goblins
  A quokka skeleton (D:4)
  6 rats
86 creatures vanquished.

Vanquished Creatures (others)
  4 starspawn tentacles (Abyss:1)
4 creatures vanquished.

Grand Total: 90 creatures vanquished

Notes
Turn   | Place    | Note
-------+----------+-------------------------------------------
     0 | Abyss:1  | Kurtz the Octopode Abyssal Knight began the quest for the Orb.
     0 | Abyss:1  | Reached XP level 1. HP: 16/16 MP: 2/2
    26 | Abyss:1  | Found an ornate altar of the Wu Jian Council.
    32 | Abyss:1  | Noticed an ancient zyme
    57 | Abyss:1  | Noticed a small abomination
    70 | Abyss:1  | Noticed a ynoxinul
    73 | Abyss:1  | Noticed a chaos spawn
    77 | Abyss:1  | Noticed a tentacled starspawn
    95 | Abyss:1  | Noticed an ancient zyme
   115 | Abyss:1  | Noticed a small abomination
   115 | Abyss:1  | Noticed a thrashing horror
   122 | Abyss:1  | Noticed a rakshasa
   173 | Abyss:2  | Noticed a small abomination
   182 | D:1      | Escaped the Abyss
   486 | D:1      | Reached XP level 2. HP: 21/21 MP: 3/3
   819 | D:1      | Reached * piety under Lugonu
   819 | D:1      | Reached skill level 1 in Evocations
   843 | D:1      | Reached XP level 3. HP: 24/26 MP: 4/4
  1037 | D:1      | Reached skill level 3 in Polearms
  1562 | D:2      | Reached XP level 4. HP: 25/31 MP: 5/5
  1980 | D:2      | Reached ** piety under Lugonu
  2276 | D:3      | Found an opulent altar of Gozag.
  2637 | D:3      | Found a glowing silver altar of Zin.
  2869 | D:3      | Reached XP level 5. HP: 36/36 MP: 6/6
  2894 | D:3      | Noticed Nicocat's ghost (amateur MiFi)
  3355 | D:4      | Found a snail-covered altar of Cheibriados.
  3402 | D:4      | Found a sacrificial altar of Ru.
  3449 | D:4      | Reached skill level 4 in Polearms
  3597 | D:4      | Reached skill level 1 in Stealth
  3604 | D:4      | Found a white marble altar of Elyvilon.
  3629 | D:4      | Reached XP level 6. HP: 34/42 MP: 7/7
  3739 | D:4      | Found a runed door.
  4029 | D:5      | Entered Level 5 of the Dungeon
  4315 | D:5      | Reached *** piety under Lugonu
  4414 | D:5      | Reached skill level 5 in Polearms
  4427 | D:5      | Mangled by an ogre

Skill      XL: |  1  2  3  4  5  6 |
---------------+-------------------+-----
Evocations     | 1 2 |  2.1
Dodging        | 3 4 |  4.0
Polearms       | 3 4 5 |  5.1
Stealth        | 1 2 |  2.9
Fighting       | |  3.0
Invocations    | |  2.8

Action                   |  1- 3 |  4- 6 || total
-------------------------+-------+-------++-------
Melee: Spear             |    91 |   161 ||   252
       Tentacles         |    14 |    23 ||    37
       Constrict         |    13 |    34 ||    47
Invok: Depart the Abyss  |     1 |       ||     1
Evoke: Phial of floods   |       |     1 ||     1
 Stab: Sleeping          |     6 |     8 ||    14
       Paralysed         |       |     4 ||     4
  Eat: Chunk             |     1 |    10 ||    11
Armor: Skin              |     7 |     6 ||    13
Dodge: Dodged            |    82 |    60 ||   142
